 Dungeon Crawl Stone Soup version 0.13-a0-2940-gab44624 (console) character file.

263 5ubbak the Covered (level 5, -2/41 HPs)
             Began as a Djinni Fighter on Sept 4, 2013.
             Slain by a scorpion (7 damage)
             ... while paralysed by a potion of paralysis
             ... on Level 3 of the Dungeon.
             The game lasted 00:06:52 (2905 turns).

5ubbak the Covered (Djinni Fighter)                 Turns: 2905, Time: 00:06:52

HP  -2/41        AC  7     Str 17      XL: 5   Next: 12%
MP   0/0         EV  2     Int  8      God:
Gold 110         SH  0     Dex 13      Spells:  0 memorised,  4 levels left

Res.Fire  : + + +   See Invis. : .   a - +0 whip
Res.Cold  : + . .   Warding    : .   b - +0 scale mail
Life Prot.: + + +   Conserve   : .   c - +0 shield
Res.Poison: .       Res.Corr.  : .   (no helmet)
Res.Elec. : .       Clarity    : .   (no cloak)
Sust.Abil.: . .     Spirit.Shd : .   (no gloves)
Res.Mut.  : .       Stasis     : .   (boots unavailable)
Res.Rott. : .       Flight     : .   (no amulet)
Saprovore : . . .                    i - ring of ice
                                     o - ring of protection from cold

@: paralysed, very poisoned, slightly resistant to hostile enchantments,
extremely unstealthy
A: fire immunity, cold vulnerability, life protection 3
a: no special abilities


You were on level 3 of the Dungeon.
You were not hungry.

You visited 1 branch of the dungeon, and saw 4 of its levels.

You collected 90 gold pieces.

Inventory:

Hand weapons
 a - a +0,+0 whip (weapon)
 j - a +0,+0 mace
Armour
 b - a +0 scale mail (worn)
 c - a +0 shield (worn)
Comestibles
 f - 2 bread rations
 t - 12 grapes
 u - a choko
Scrolls
 e - a scroll of enchant weapon I {unknown}
 g - 3 scrolls of identify
 k - a scroll of teleportation {unknown}
 l - a scroll of noise {unknown}
 m - a scroll of curse armour {unknown}
 n - a scroll of fear {unknown}
 r - a scroll of random uselessness {unknown}
Jewellery
 i - a ring of ice (right hand)
 o - a ring of protection from cold (left hand)
Potions
 q - a potion of poison


   Skills:
 + Level 3.2 Fighting
 * Level 3.8 Maces & Flails
 + Level 4.1 Armour
 + Level 3.7 Shields


You had 4 spell levels left.
You didn't know any spells.

Dungeon Overview and Level Annotations

Branches:
Dungeon (4/27)
 Temple: D:4-7

Altars:
Fedhas


Innate Abilities, Weirdness & Mutations

You are immune to all types of fire, even holy and hellish.
You are vulnerable to cold.
You need no food.
You have no legs.
You are immune to negative energy.


Message History

You closely miss the scorpion.
The scorpion is heavily wounded.
You feel sick. You block the scorpion's attack.
You hit the scorpion.
The scorpion is severely wounded.
You feel sick. The scorpion stings you.
* * * LOW HITPOINT WARNING * * *
You hit the scorpion.
The scorpion is almost dead.
* * * LOW HITPOINT WARNING * * *
You feel sick. The scorpion stings you.
* * * LOW HITPOINT WARNING * * *
You are more poisoned.
The scorpion poisons you!
Drink which item? (? for menu, Esc to quit)
You suddenly lose the ability to move!
It was a potion of paralysis.
* * * LOW HITPOINT WARNING * * *
You feel very sick. The scorpion stings you!
You die...

#.#....#######'##### #..........#
#.#######..........###).........#
#......#+..........#.'...<......#
######.##..........#.#..........#
#....#.##..........#.#..........#
#.##.#.##..........#.#..........#
#.#..#.##..........#.#..........#
#.#.##.##..........'.#..........#
#.#....##.......@s.##############
#.################## ..# ###


You could see a scorpion.

Vanquished Creatures
  An orc wizard (D:3)
  Ijyb (D:2)
  A giant mite (D:2)
  4 worms
  2 orcs (D:3)
  5 giant cockroaches
  6 hobgoblins
  12 jackals
  6 quokkas
  9 bats
  5 giant newts
  4 goblins
  12 kobolds
  5 rats
73 creatures vanquished.

Vanquished Creatures (others)
  4 toadstools (D:1)
4 creatures vanquished.

Grand Total: 77 creatures vanquished

Notes
Turn   | Place    | Note
--------------------------------------------------------------
     0 | D:1      | 5ubbak, the Djinni Fighter, began the quest for the Orb.
     0 | D:1      | Reached XP level 1. HP: 16/16 MP: 0/0
   375 | D:1      | Reached XP level 2. EP: 22/22
   945 | D:2      | Noticed Ijyb
  1010 | D:2      | Killed Ijyb
  1010 | D:2      | Reached XP level 3. EP: 26/29
  1566 | D:2      | Reached XP level 4. EP: 31/35
  1616 | D:2      | Found a blossoming altar of Fedhas.
  2460 | D:3      | Reached skill level 4 in Armour
  2508 | D:3      | HP: 1/35 [orc wizard/magic dart (5)]
  2514 | D:3      | Reached XP level 5. EP: 19/41
  2905 | D:3      | Paralysed by a potion of paralysis for 7 turns
  2905 | D:3      | Slain by a scorpion

Action                   |  1- 3 |  4- 6 || total
-------------------------+-------+-------++-------
Melee: Mace              |    56 |       ||    56
       Whip              |   197 |   257 ||   454
  Use: Scroll            |     1 |       ||     1
       Potion            |       |     4 ||     4
